 Dungeon Crawl Stone Soup version 0.18.1-8-gdd0e5ea (webtiles) character file.

102 Scarto the Skirmisher (level 4, -3/40 HPs)
             Began as a Demonspawn Fighter on May 21, 2016.
             Killed from afar by Sigmund (5 damage)
             ... with a magic dart
             ... on level 2 of the Dungeon.
             The game lasted 00:03:06 (1343 turns).

Scarto the Skirmisher (Demonspawn Fighter)          Turns: 1343, Time: 00:03:06

Health: -3/40      AC:  8    Str: 22    XL:     4   Next: 50%
Magic:  4/4        EV:  7    Int: 10    God:
Gold:   95         SH: 10    Dex: 12    Spells: 0 memorised, 3 levels left

rFire  . . .     SeeInvis .     a - +0 war axe
rCold  . . .     Gourm    .     b - +0 scale mail
rNeg   . . .     Faith    .     c - +1 shield
rPois  .         Spirit   .     (no helmet)
rElec  .         Dismiss  .     (no cloak)
rCorr  .         Reflect  .     (no gloves)
SustAt .         Harm     .     (no boots)
MR     .....                    (no amulet)
Stlth  +.........               (no ring)
                                (no ring)

@: mighty, not resistant to hostile enchantments, very unstealthy
A: thin metallic scales 1, nightstalker 1, robust 1, spiny 1
a: no special abilities


You were on level 2 of the Dungeon.
You were not hungry.

You visited 1 branch of the dungeon, and saw 2 of its levels.

You collected 95 gold pieces.

Inventory:

Hand Weapons
 a - a +0 war axe (weapon)
 o - a +2 mace of draining
Armour
 b - a +0 scale mail (worn)
 c - a +1 shield (worn)
Scrolls
 g - a scroll of teleportation
 j - 2 scrolls of remove curse
 p - a scroll of identify
Potions
 e - 2 potions of flight
 h - 2 potions of brilliance
Comestibles
 f - 3 bread rations
 i - a slice of pizza
 m - a meat ration
 q - a beef jerky


   Skills:
 + Level 3.7 Fighting
 + Level 2.8 Axes
 + Level 3.1 Armour
 + Level 3.3 Shields


You had 3 spell levels left.
You didn't know any spells.

Dungeon Overview and Level Annotations

Branches:
Dungeon (2/15)

Altars:
Ru

Annotations:
D:2 Sigmund


Innate Abilities, Weirdness & Mutations

You are partially covered in thin metallic scales (AC +2).
You are slightly more attuned to the shadows.
You are partially covered in sharp spines.
You are robust (+10% HP).


Message History

You miss something. Something hits you!
You miss something. Something hits you!
* * * LOW HITPOINT WARNING * * *
All of the chunks of flesh in your inventory have rotted away.
You closely miss something. Something hits you but does no damage.
Your shield and scale mail prevent you from hitting something.
Something hits you.
* * * LOW HITPOINT WARNING * * *
Unknown command.
Drink which item? (? for menu, Esc to quit)
You feel very mighty all of a sudden. Something hits you but does no damage.
You miss something. Something hits you.
* * * LOW HITPOINT WARNING * * *
You closely miss something. You closely miss something.
You hear some strange, mumbled words.
A magic dart appears from out of thin air!
The magic dart hits you!
You die...

#.P_PP.#.#..#.##.....
#.....###.###........
#P..P.#######..#.....
#######.#.#.#..#.....
####...###.........
#.......#.##.#.....
#..................
#.##.........##.#.####
#...{@.......# ....###
####.........# ..#..).
#.......†.# ...###
#%........#
######.#..# #.#..#
#.#..# # #..# #
#.######


There were no monsters in sight!

Vanquished Creatures
  Ijyb (D:2)
  Robin (D:2)
  2 oozes
  2 worms (D:2)
  3 dart slugs (D:1)
  A giant gecko (D:1)
  2 giant cockroaches
  16 goblins
  4 hobgoblins
  2 kobolds (D:1)
  A quokka (D:2)
  4 bats
  2 giant newts (D:2)
  3 rats
44 creatures vanquished.

Notes
Turn   | Place    | Note
--------------------------------------------------------------
     0 | D:1      | Scarto the Demonspawn Fighter began the quest for the Orb.
     0 | D:1      | Reached XP level 1. HP: 18/18 MP: 1/1
   361 | D:1      | Gained mutation: You are partially covered in thin metallic scales (AC +2). [demonic ancestry]
   361 | D:1      | Reached XP level 2. HP: 24/24 MP: 2/2
   672 | D:2      | Gained mutation: You are partially covered in sharp spines. [demonic ancestry]
   672 | D:2      | Reached XP level 3. HP: 29/29 MP: 3/3
   710 | D:2      | Noticed Robin
   716 | D:2      | Killed Robin
   841 | D:2      | Noticed Ijyb
   850 | D:2      | Killed Ijyb
   850 | D:2      | Gained mutation: You are slightly more attuned to the shadows. [demonic ancestry]
   850 | D:2      | Reached XP level 4. HP: 37/37 MP: 4/4
  1266 | D:2      | Gained mutation: You are robust (+10% HP). [potion of beneficial mutation]
  1298 | D:2      | Found a sacrificial altar of Ru.
  1329 | D:2      | Noticed Sigmund
  1341 | D:2      | HP: 1/40 [something (5)]
  1343 | D:2      | Killed from afar by Sigmund

Skill      XL: |  1  2  3 |
---------------+----------+-----
Axes           | 2 |  2.8
Armour         | 3 |  3.1
Shields        | 3 |  3.3
Fighting       | |  3.7

Action                   |  1- 3 |  4- 6 || total
-------------------------+-------+-------++-------
Melee: War axe           |    80 |    27 ||   107
  Use: Scroll            |     6 |     2 ||     8
       Potion            |       |     2 ||     2
  Eat: Chunk             |       |     2 ||     2
Armor: Scale mail        |    49 |     7 ||    56
Dodge: Dodged            |    21 |     1 ||    22
Block: Shield            |    41 |    10 ||    51
